 Dungeon Crawl Stone Soup version 0.16.2-2-g470672f (webtiles) character file.

8674 Miyamura the Protected (level 11, -6/100 HPs)
             Began as a Deep Dwarf Fighter on Aug 20, 2015.
             Was an Elder of Makhleb.
             Mangled by an orc knight
             ... wielding a +0 glaive
              (26 damage)
             ... while paralysed
             ... in a bailey.
             The game lasted 00:34:51 (8699 turns).

Miyamura the Protected (Deep Dwarf Fighter)         Turns: 8699, Time: 00:34:52

Health: -6/100     AC: 15    Str: 27 (29) XL:     11   Next: 13%
Magic:  20/20      EV:  2    Int:  7 (9)  God:    Makhleb [****..]
Gold:   488        SH:  0    Dex: 11 (12) Spells: 0 memorised, 10 levels left

rFire  . . .     SeeInvis .     a - +1 war axe
rCold  . . .     Clarity  .     y - +0 chain mail
rNeg   . . .     SustAb   .     l - +4 shield (curse)
rPois  .         Gourm    .     (helmet restricted)
rElec  .         Spirit   .     v - +0 cloak (curse)
rCorr  .         Warding  .     s - +0 pair of gloves (curse)
rMut   .         Stasis   .     g - +0 pair of boots {Fly}
MR     +....                    (no amulet)
Stlth  ..........               z - +3 ring of strength
                                p - +3 ring of strength

@: paralysed, exhausted, flying, non-regenerating, slowed, somewhat resistant to
hostile enchantments, extremely unstealthy
A: damage resistance, recharge devices, horns 1, camouflage 1, deterioration 1,
mutation resistance 1, sense surroundings 2, slow healing 3
a: Device Recharging, Minor Destruction, Lesser Servant of Makhleb, Major
Destruction, Renounce Religion, Stop Flying


You were in a bailey.
You worshipped Makhleb.
Makhleb was greatly pleased with you.
You were not hungry.

You visited 2 branches of the dungeon, and saw 12 of its levels.
You also visited: Bailey.

You collected 734 gold pieces.
You spent 246 gold pieces at shops.

Inventory:

Hand weapons
 a - a +1 war axe (weapon)
 w - a +0 hammer of holy wrath
Missiles
 n - 3 throwing nets (quivered)
Armour
 g - a +0 pair of boots of flying (worn)
 l - a cursed +4 shield (worn)
 s - a cursed +0 pair of gloves (worn)
 v - a cursed +0 cloak (worn)
 y - a +0 chain mail (worn)
Jewellery
 h - an uncursed ring of ice
 p - a +3 ring of strength (left hand)
 z - a +3 ring of strength (right hand)
Magical devices
 b - a wand of invisibility (5)
 d - a wand of heal wounds (6)
 o - a wand of teleportation (1)
 u - a wand of fire (0)
 B - a wand of lightning (7)
 I - a wand of fireball (1)
 K - a wand of paralysis (6)
Scrolls
 j - a scroll of fog
 m - 4 scrolls of remove curse
 q - 2 scrolls of magic mapping
 x - 7 scrolls of teleportation
 G - 2 scrolls of amnesia
Potions
 e - a potion of might
 k - 8 potions of curing
 r - a potion of haste
 D - a potion of magic
 F - 6 potions of heal wounds
 H - a potion of agility
 L - a potion of experience {unknown}
 M - a potion of berserk rage
Miscellaneous
 A - an ornate deck of summoning {the Rangers}
Comestibles
 c - 6 beef jerkies
 f - 9 bread rations
 i - 4 meat rations
 C - 14 royal jellies
 J - 11 chunks of flesh


   Skills:
 + Level 7.0 Fighting
 + Level 7.9 Axes
 + Level 8.6 Armour
 + Level 7.9 Dodging
 + Level 8.4 Shields
 + Level 6.3 Invocations
 + Level 7.0 Evocations


You had 10 spell levels left.
You didn't know any spells.

Dungeon Overview and Level Annotations

Branches:
Dungeon (11/15)            Temple (1/1) D:6            Lair (0/8) D:9
    Orc: D:9-12

Altars:
Ashenzari
Cheibriados
Dithmenos
Elyvilon
Fedhas
Gozag
Kikubaaqudgha
Makhleb
Nemelex Xobeh
Okawaru
Qazlal
Ru
Sif Muna
Trog
Vehumet
Xom
Yredelemnul
Zin
The Shining One

Shops:
D:6 ?   D:10 (


Innate Abilities, Weirdness & Mutations

You are resistant to damage.
You can recharge devices by infusing magical energy.
You passively map the area around you.
You do not heal naturally.
You have a pair of small horns on your head.
Your skin changes colour to match your surroundings (Stealth).
Your body is slowly deteriorating.
You are somewhat resistant to further mutation.


Message History

Your shield prevents you from hitting the orc warrior.
You are no longer berserk.
You pass out from exhaustion.
You feel yourself slow down.
The orc warrior hits you from afar with a glaive!
The orc hits you from afar with a halberd.
The orc hits you but does no damage.
The orc warrior hits you with a halberd!
* * * LOW HITPOINT WARNING * * *
The orc hits you from afar with a halberd!
* * * LOW HITPOINT WARNING * * *
The orc hits you but does no damage.
The orc knight hits you but does no damage.
The orc warrior barely misses you. The orc hits you but does no damage.
The orc warrior hits you but does no damage.
The orc hits you from afar with a halberd!
* * * LOW HITPOINT WARNING * * *
The orc hits you from afar with a halberd.
The orc knight hits you from afar with a glaive!!
You die...

** ####### ####### , ,,
.###.....#########.....#
...'..o))..#.....#.......
,
...'..oo@..'.....'.....))
...'....)).'.....'......)
,,,
..'...oooo'.....'.....))
, ,,
..'.......#.....#......)
,
.###.....#########.....#
* *** ####### #######


You could see 2 orc knights, 2 orc warriors and 3 orcs.

Vanquished Creatures
  Erolcha (D:8)
  The ghost of tognito the Skirmisher, an experienced MiBe of Trog (D:6)
  A hill giant (D:10)
  A komodo dragon (D:9)
  Grinder (D:4)
  8 yaks
  A wyvern (D:8)
  A hippogriff (D:10)
  Eustachio (D:8)
  A hungry ghost (D:8)
  Edmund (D:5)
  Menkaure (D:7)
  A swamp drake (D:9)
  8 orc warriors
  A water moccasin (D:9)
  2 ice beasts
  A wasp (D:7)
  2 black bears
  5 sky beasts
  3 ogres
  A necrophage (D:7)
  A centaur (D:6)
  3 crocodiles (D:9)
  Sigmund (D:2)
  5 giant frogs
  A gnoll sergeant (D:7)
  4 scorpions
  4 killer bees (D:7)
  3 wights (D:10)
  2 crimson imps (D:7)
  A quasit (D:8)
  A centaur zombie (D:5)
  2 goliath beetles
  3 hounds (D:7)
  A giant frog zombie (D:5)
  Crazy Yiuf (D:3)
  A giant frog skeleton (D:7)
  5 jellies
  5 iguanas
  6 orc wizards
  4 orc priests
  4 worker ants
  A mummy (D:8)
  A worker ant zombie (D:9)
  Robin (D:4)
  12 adders
  8 gnolls
  2 giant mites (D:2)
  A white imp (D:8)
  2 worms
  2 adder zombies
  7 oozes
  45 orcs
  9 bats
  A bat skeleton (D:4)
  4 giant cockroaches
  12 hobgoblins
  13 jackals
  12 kobolds
  2 quokkas
  2 ball pythons
  5 giant geckos
  2 giant gecko skeletons
  7 giant newts
  20 goblins
  3 quokka skeletons
  12 rats
  A spectral orc (D:4)
  A ballistomycete (D:6)
289 creatures vanquished.

Vanquished Creatures (others)
  A giant spore (D:6)
  A quokka (D:9)
2 creatures vanquished.

Grand Total: 291 creatures vanquished

Notes
Turn   | Place    | Note
--------------------------------------------------------------
     0 | D:1      | Miyamura, the Deep Dwarf Fighter, began the quest for the Orb.
     0 | D:1      | Reached XP level 1. HP: 20/20 MP: 1/1
   362 | D:1      | Reached XP level 2. HP: 27/27 MP: 2/2
   468 | D:1      | Reached skill level 1 in Dodging
  1218 | D:2      | Reached XP level 3. HP: 30/33 MP: 3/3
  1238 | D:2      | Found an iron altar of Okawaru.
  1291 | D:2      | Noticed Sigmund
  1348 | D:2      | Killed Sigmund
  1348 | D:2      | Reached skill level 4 in Armour
  1348 | D:2      | Reached XP level 4. HP: 30/42 MP: 4/4
  1685 | D:2      | Found an opulent altar of Gozag.
  2128 | D:3      | Reached XP level 5. HP: 33/49 MP: 5/5
  2414 | D:3      | Noticed Crazy Yiuf
  2416 | D:3      | Killed Crazy Yiuf
  2736 | D:4      | Reached XP level 6. HP: 36/57 MP: 6/6
  2876 | D:4      | Noticed a sky beast
  2887 | D:4      | Killed a sky beast
  2891 | D:4      | Gained mutation: You have a pair of small horns on your head. [mutagenic meat]
  2892 | D:4      | Gained mutation: Your body is slowly deteriorating. [mutagenic meat]
  2972 | D:4      | Noticed Grinder
  2992 | D:4      | Killed Grinder
  2992 | D:4      | Reached skill level 5 in Armour
  2992 | D:4      | Reached skill level 5 in Shields
  2992 | D:4      | Reached XP level 7. HP: 64/64 MP: 7/7
  3063 | D:4      | Noticed Robin
  3071 | D:4      | Killed Robin
  3170 | D:4      | Found a basalt altar of Yredelemnul.
  3187 | D:5      | Entered Level 5 of the Dungeon
  3351 | D:5      | Found a shimmering altar of Xom.
  3485 | D:5      | Reached skill level 5 in Axes
  3556 | D:5      | Reached XP level 8. HP: 13/73 MP: 8/8
  3567 | D:5      | Noticed Edmund
  3581 | D:5      | Killed Edmund
  3886 | D:5      | Reached skill level 5 in Fighting
  4143 | D:6      | Found a shadowy altar of Dithmenos.
  4143 | D:6      | Found a sacrificial altar of Ru.
  4146 | D:6      | Found a deep blue altar of Sif Muna.
  4230 | D:6      | Reached skill level 6 in Armour
  4230 | D:6      | Reached skill level 5 in Dodging
  4263 | D:6      | Gained mutation: Your body is deteriorating. [mutagenic meat]
  4264 | D:6      | Gained mutation: Your skin changes colour to match your surroundings (Stealth). [mutagenic meat]
  4265 | D:6      | Gained mutation: You are somewhat resistant to further mutation. [mutagenic meat]
  4306 | D:6      | Found Ocraipt's Magic Scroll Shop.
  4309 | D:6      | Bought a scroll of teleportation for 33 gold pieces
  4309 | D:6      | Bought a scroll of teleportation for 33 gold pieces
  4309 | D:6      | Bought a scroll of immolation for 38 gold pieces
  4309 | D:6      | Bought a scroll of identify for 22 gold pieces
  4309 | D:6      | Bought a scroll of vulnerability for 82 gold pieces
  4309 | D:6      | Bought a scroll of amnesia for 38 gold pieces
  4520 | D:6      | Found a staircase to the Ecumenical Temple.
  4529 | Temple   | Entered the Ecumenical Temple
  4605 | Temple   | Became a worshipper of Makhleb the Destroyer
  4742 | D:6      | Reached skill level 1 in Invocations
  4742 | D:6      | Gained mutation: You passively map the area around you. [level up]
  4742 | D:6      | Reached XP level 9. HP: 12/81 MP: 7/9
  4749 | D:6      | Lost mutation: Your body is deteriorating. [mutagenic meat]
  4827 | D:6      | Noticed tognito's ghost (experienced MiBe)
  4931 | D:6      | Killed tognito's ghost
  5349 | D:7      | Reached skill level 7 in Armour
  5355 | D:7      | Acquired Makhleb's first power
  5441 | D:7      | Noticed Menkaure
  5453 | D:7      | Killed Menkaure
  6547 | D:8      | Acquired Makhleb's second power
  6671 | D:8      | Noticed Erolcha
  6684 | D:8      | Killed Erolcha
  6684 | D:8      | Reached skill level 5 in Evocations
  6684 | D:8      | Reached XP level 10. HP: 57/91 MP: 17/17
  6745 | D:8      | Noticed Eustachio
  6821 | D:8      | Killed Eustachio
  7288 | D:8      | Reached skill level 8 in Armour
  7288 | D:8      | Reached skill level 5 in Invocations
  7337 | D:9      | Found a white marble altar of Elyvilon.
  7397 | D:9      | Found a bloodstained altar of Trog.
  7520 | D:9      | Acquired Makhleb's third power
  7588 | D:9      | Found a staircase to the Lair.
  8015 | D:10     | Entered Level 10 of the Dungeon
  8062 | D:10     | Found Eve Qeul's Weapon Boutique.
  8178 | D:10     | Acquired Makhleb's fourth power
  8356 | D:10     | Noticed a hill giant
  8368 | D:10     | Killed a hill giant
  8368 | D:10     | Reached XP level 11. HP: 99/99 MP: 20/20
  8531 | D:11     | Found a flagged portal.
  8540 | Bailey   | Entered a bailey
  8699 | Bailey   | Mangled by an orc knight

Action                   |  1- 3 |  4- 6 |  7- 9 | 10-12 || total
-------------------------+-------+-------+-------+-------++-------
Melee: War axe           |   105 |   163 |   372 |   310 ||   950
 Abil: Device Recharging |       |       |     1 |       ||     1
Evoke: Wand              |       |     6 |    16 |     6 ||    28
  Use: Scroll            |     5 |     2 |     9 |     7 ||    23
       Potion            |     3 |     5 |     7 |     5 ||    20
 Stab: Invisible         |     2 |       |       |       ||     2
       Paralysed         |       |       |       |     6 ||     6
  Eat: Chunk             |     2 |     7 |    19 |     8 ||    36
       Pizza             |       |       |       |     1 ||     1
